Description

banshees into mech

Build Order

Get SALT Encoding   

  12  0:00  SCV  
  13  0:12  SCV  
  14  0:16  Supply Depot  
  14  0:25  SCV  
  15  0:38  SCV  
  15  0:40  Barracks  
  16  0:43  Refinery  
  16  0:50  SCV  
  17  1:02  SCV  
  18  1:14  SCV  
  19  1:27  Orbital Command  
  19  1:28  Reaper  
  20  1:40  Command Center  
  20  1:47  Supply Depot  
  20  1:53  SCV  
  22  2:05  SCV  
  23  2:10  Factory  
  23  2:14  Marine  
  23  2:21  SCV  
  24  2:33  Barracks Reactor  
  25  2:45  Command Center  
  26  2:55  Orbital Command  
  26  2:58  Starport  
  27  3:17  Barracks Tech Lab, Hellion x2  
  35  3:39  Hellion x2  
  40  3:49  Refinery x3  
  40  3:51  Banshee  
  44  3:57  Orbital Command  
  44  4:02  Hellion x2  
  51  4:22  Orbital Command  
  51  4:24  Hellion x2  
  54  4:31  Factory x2  
  57  4:36  Banshee  
  61  5:00  Supply Depot x2  
  61  5:03  Cloaking Field  
  61  5:09  Factory x2  
  61  5:11  Hellion x2  
  68  5:19  Factory Tech Lab x2  
  71  5:35  Engineering Bay  
  76  5:36  Banshee  
  79  5:49  Armory x2  
  81  5:50  Supply Depot  
  81  5:52  Mag-Field Accelerator  
  81  5:53  Infernal Pre-Igniter  
  81  5:59  Factory Tech Lab  
  84  6:04  Factory Tech Lab  
  85  6:15  Cyclone  
  88  6:23  Cyclone  
  91  6:34  Cyclone x2  
  91  6:37  Terran Vehicle Weapons Level 1  
  99  6:44  Refinery  
  99  6:56  Refinery, Cyclone x2  
  108  7:17  Cyclone x2  
  113  7:30  Cyclone x2  
  119  7:41  Command Center  
  122  7:46  Terran Vehicle And Ship Armor Level 1  
  134  8:00  Sensor Tower  
  141  8:19  Raven  
  149  8:32  Sensor Tower  
  165  8:52  Neosteel Armor  
  165  8:53  Factory x2  
  165  9:06  Refinery  
  177  9:17  Refinery  
  177  9:25  Planetary Fortress  
  177  9:27  Sensor Tower  
  180  9:32  Command Center  
  180  9:38  Factory Reactor  
  187  9:42  Factory Tech Lab  
Spawning Tool Build Advisor. Get it on Overwolf

Go to:

Details

  • Created by: yumara
  • Published on: Jul 14, 2025
  • Modified on: Jul 14, 2025
  • Patch: 5.0.11
  • Difficulty: Easy
Show
View Real Time Build Order
Export as new Build Order

Comments (0)

There are no comments. Be the first!

Create an account to comment!